 Dungeon Crawl Stone Soup version 0.32-a0-520-g344ed53f66 (webtiles) character file.

Game seed: 5932840302023006009

11945 zenocrate the Severer (level 11, 0/100 (102) HPs)
             Began as a Minotaur Gladiator on Feb 28, 2024.
             Was a High Priest of Qazlal.
             Slain by a shadow (10 damage)
             ... on level 9 of the Dungeon.
             The game lasted 00:15:15 (8688 turns).

zenocrate the Severer (Minotaur Gladiator)          Turns: 8688, Time: 00:15:16

HP:   0/100 (102)   AC: 14    Str: 22    XL:     11   Next: 56%
MP:   25/25         EV: 14    Int:  5    God:    Qazlal [*****.]
Gold: 936           SH:  6    Dex: 13    Spells: 10/10 levels left

rFire   . . .        a - +0 war axe (drain)
rCold   + . .        (no shield)
rNeg    . . .        m - +1 ring mail {rC+}
rPois   +            c - +0 hat
rElec   .            w - +0 cloak
rCorr   .            u - +1 pair of gloves
SInv    .            j - +0 pair of boots
Will    +....        P
                       - Hermit's Pendant {Faith Invo=14 Evo=0 MP+5}
Stlth   +            r - ring of willpower
HPRegen 0.36/turn    z - ring of poison resistance
MPRegen 0.19/turn

%: repel missiles, faith
@: protected from physical damage, lightly drained
A: horns 2, retaliatory headbutt
a: Renounce Religion, Upheaval, Elemental Force, Disaster Area


You were on level 9 of the Dungeon.
You worshipped Qazlal.
Qazlal was extremely pleased with you.
You visited 2 branches of the dungeon, and saw 11 of its levels.
You also visited: Sewer.

You collected 936 gold pieces.

Inventory:

Hand Weapons
 a - a +0 war axe of draining (weapon)
 b - the +11 hammer "Jaus" {vamp, rF+++ MP-9 Str-4 Dex+2}
   (You found it on level 4 of the Dungeon)

   Str-4:     It affects your strength (-4).
   Dex+2:     It affects your dexterity (+2).
   rF+++:     It renders you almost immune to fire.
   MP-9:      It affects your magic capacity (-9).
Missiles
 d - 6 throwing nets
 e - 3 javelins
 l - 22 poisoned darts (quivered)
 p - 5 boomerangs
 O - 6 curare-tipped darts
Armour
 c - a +0 hat (worn)
 j - a +0 pair of boots (worn)
 m - a +1 ring mail of cold resistance (worn)
 u - a +1 pair of gloves (worn)
 w - a +0 cloak (worn)
 L - a +0 plate armour
Jewellery
 g - a ring of fire
 r - a ring of willpower (left hand)
 y - an amulet of reflection
 z - a ring of poison resistance (right hand)
 G - a ring of flight
 P - the Hermit's Pendant (around neck) {Faith Invo=14 Evo=0 MP+5}
   (You found it on level 8 of the Dungeon)

   [amulet of faith]

   Invo=14: It sets your Invocations skill to 14.
   Evo=0: It sets your Evocations skill to 0.
   Faith:     It allows you to gain divine favour quickly.
   MP+5:      It affects your magic capacity (+5).
Talismans
 C - a granite talisman
Wands
 s - a wand of flame (1)
 v - a wand of charming (16)
 H - a wand of light (5)
 N - a wand of iceblast (7)
Scrolls
 f - 2 scrolls of summoning
 i - 2 scrolls of blinking
 B - 3 scrolls of vulnerability
 D - a scroll of noise {unknown}
 I - a scroll of teleportation
 J - a scroll of poison {unknown}
 Q - a scroll of torment {unknown}
 R - a scroll of enchant armour {unknown}
 S - a scroll of revelation {unknown}
Potions
 h - a potion of cancellation
 k - a potion of brilliance
 n - a potion of attraction
 o - a potion of berserk rage
 q - 2 potions of haste
 t - a potion of curing {unknown}
 x - a potion of lignification
 A - a potion of magic {unknown}
 E - a potion of mutation {unknown}
 F - 2 potions of heal wounds {unknown}
 K - a potion of might {unknown}
 M - a potion of resistance {unknown}
Miscellaneous
 T - a phantom mirror


   Skills:
 + Level 11.2 Fighting
 + Level 16.8 Axes
 - Level 3.2 Throwing
 - Level 3.1 Armour
 - Level 7.2 Dodging
 - Level 3.0(0.0) Evocations


You had 10 spell levels left.
You didn't know any spells.
Your spell library contained the following spells:

 Spells                   Type           Power      Damage    Failure   Level
 Magic Dart               Conj           0%         1d3       63%         1
 Shock                    Conj/Air       0%         1d3       63%         1
 Slow                     Hex            0%         N/A       63%         1
 Summon Small Mammal      Summ           0%         N/A       63%         1
 Jinxbite                 Hex            0%         N/A       77%         2
 Searing Ray              Conj           0%         2d4       77%         2
 Call Canine Familiar     Summ           0%         N/A       94%         3
 Confusing Touch          Hex            0%         N/A       94%         3
 Gell's Gravitas          Tloc           0%         N/A       94%         3
 Sigil of Binding         Hex            0%         N/A       94%         3
 Swiftness                Air            0%         N/A       94%         3
 Teleport Other           Tloc           0%         N/A       94%         3
 Vampiric Draining        Necr           0%         2d6       94%         3
 Airstrike                Air            0%         2d(0-16)  100%        4
 Fulminant Prism          Conj/Alch      0%         3d5       100%        4
 Summon Blazeheart Golem  Fire/Summ      0%         N/A       100%        4
 Yara's Violent Unravell  Hex/Alch       0%         3d3       100%        5
 Dispersal                Tloc           0%         N/A       100%        6
 Enfeeble                 Hex            0%         N/A       100%        7


Dungeon Overview and Level Annotations

Branches:
Dungeon (10/15)            Temple (1/1) D:4           Sewer (visited)
   Lair: D:8-11         Orc: D:9-12

Altars:
Ashenzari
Cheibriados
Dithmenos
Elyvilon
Fedhas
Gozag
Hepliaklqana
Kikubaaqudgha
Makhleb
Nemelex Xobeh
Okawaru
Qazlal
Ru
Sif Muna
Trog
Uskayaw
Vehumet
Wu Jian
Xom
Yredelemnul
Zin
The Shining One

Shops:
D:3 =   D:7 :

Annotations:
D:4 2 runed translucent doors, MrSquiggles's ghost, amateur MDFi
D:10 Harold; Josephine; Snorg; Sonja


Innate Abilities, Weirdness & Mutations

You have a pair of horns on your head.
You reflexively headbutt those who attack you in melee.


Message History

You kill the howler monkey!
Qazlal accepts your kill.
You hit the wight. You closely miss the wraith.
A howler monkey comes into view.
The wight misses you.
Unknown command.
You hit Harold but do no damage. You drain Harold.
Harold is heavily wounded.
You hit the wight but do no damage. You slash the wraith!
You slash the howler monkey!
The vampire mumbles some strange words.
The vampire flickers and vanishes!
Deactivating autopickup; reactivate with Ctrl-A.
The iguana hisses menacingly.
The shadow slips into darkness.
The shadow flickers and vanishes!
The wraith hits you!
* * * LOW HITPOINT WARNING * * *
Unknown command.
Unknown command.
Unknown command.
Blink to where?
Press: ? - help, Dir - move target
As you read the scroll of blinking, it crumbles to dust.
Harold casts a spell at you.
The shadow strikes at you from the darkness!
* * * LOW HITPOINT WARNING * * *
Reactivating autopickup.
The shadow misses you.
You climb upwards.
There is a stone staircase leading down here.
Unknown command.
Unknown command.
Okay, then.
Aiming: Bolt of Light
Press: ? - help, Shift-Dir - straight line, f - shadow
Aim: a shadow (71% to hit)
The bolt of light hits the shadow!
The shadow is moderately damaged.
The shadow hits you!
You die...

###..............#...............
# ##............###..............
###..............#.....[..÷......
.#.......#................÷......
........###......................
.........#.......................
..............§...○...........#..
................☼.....#......###.
#.............>.@.○..###....## ##
#####.........○>○W....#......###.
########......................#..
...#####.#.......................
.ß....#####......................
....ß.##.#.......................
......##.........#...............
....ß.##........###..............
.ß....##.........#...............


You could see a shadow.

Vanquished Creatures
  3 two-headed ogres
  A manticore (D:6)
  Maurice (D:8)
  Joseph (D:9)
  Maggie (D:9)
  A komodo dragon (D:10)
  A hornet (D:8)
  16 yaks
  A wyvern (D:8)
  4 steam dragons
  Edmund (D:6)
  A water moccasin (D:6)
  2 orc warriors
  3 ice beasts
  A black bear (D:6)
  A crocodile (Sewer)
  2 boggarts (D:9)
  2 ogres
  2 centaurs
  2 kobold brigands
  An elf zombie (D:8)
  3 bullfrogs
  3 scorpions
  12 wights
  32 killer bees
  8 howler monkeys
  A centaur zombie (D:8)
  A crimson imp (D:3)
  3 hounds
  A human zombie (D:8)
  2 bombardier beetles (D:5)
  Crazy Yiuf (D:4)
  3 gnoll boudas
  An orc priest (D:6)
  3 iguanas
  2 sleepcaps
  9 orc wizards
  3 ogre zombies (D:8)
  4 hound zombies (D:8)
  4 howler monkey zombies (D:8)
  Robin (D:4)
  13 gnolls
  7 adders
  3 shadow imps
  A white imp (D:5)
  2 ufetubi (D:6)
  An adder zombie (D:8)
  A dart slug (D:1)
  A ribbon worm (D:4)
  21 orcs
  3 bats
  9 endoplasms
  9 giant cockroaches
  26 goblins
  14 hobgoblins
  11 jackals
  17 kobolds
  4 quokkas
  10 ball pythons
  2 frilled lizards (D:3)
  8 rats
308 creatures vanquished.

Vanquished Creatures (others)
  An orc wizard (D:3)
  A gnoll (D:7)
2 creatures vanquished.

Grand Total: 310 creatures vanquished

Notes
Turn   | Place    | Note
-------+----------+-------------------------------------------
     0 | D:1      | zenocrate the Minotaur Gladiator began the quest for the
                  | Orb.
     0 | D:1      | Reached XP level 1. HP: 18/18 MP: 0/0
    46 | D:1      | Reached skill level 4 in Axes
    57 | D:1      | Reached XP level 2. HP: 23/25 MP: 1/1
   228 | D:1      | Reached skill level 5 in Axes
   255 | D:1      | Reached XP level 3. HP: 29/30 MP: 2/2
   889 | D:2      | Found a blossoming altar of Fedhas.
  1259 | D:2      | Reached XP level 4. HP: 37/37 MP: 3/3
  1581 | D:3      | Found Qijism's Jewellery Shoppe.
  1595 | D:3      | Found a glowing drain.
  1611 | Sewer    | Entered a sewer
  1688 | Sewer    | Noticed a crocodile
  1702 | Sewer    | Killed a crocodile
  1703 | Sewer    | Reached skill level 6 in Axes
  1703 | Sewer    | Reached XP level 5. HP: 9/42 MP: 4/4
  1981 | D:3      | Found a burning altar of Makhleb.
  1981 | D:3      | Found a radiant altar of Vehumet.
  2155 | D:3      | Identified the staff "Nyeqes" {^Contam rF+ Str+3 Tloc Fire}
  2203 | D:3      | Reached skill level 7 in Axes
  2203 | D:3      | Reached XP level 6. HP: 51/51 MP: 5/5
  2587 | D:4      | Found a staircase to the Ecumenical Temple.
  2613 | D:4      | Found an ancient bone altar of Kikubaaqudgha.
  2645 | Temple   | Entered the Ecumenical Temple
  2654 | Temple   | Became a worshipper of Qazlal Stormbringer
  2671 | D:4      | Found a large runed translucent door.
  2672 | D:4      | Found a large runed translucent door.
  2755 | D:4      | Found a white marble altar of Elyvilon.
  2998 | D:4      | Noticed Robin
  3006 | D:4      | Killed Robin
  3041 | D:4      | Found a runed translucent door.
  3042 | D:4      | Noticed Crazy Yiuf
  3049 | D:4      | Killed Crazy Yiuf
  3058 | D:4      | Identified the +11 hammer "Jaus" {vamp, rF+++ MP-9 Str-4
                  | Dex+2}
  3196 | D:4      | Reached * piety under Qazlal
  3205 | D:4      | Found a sacrificial altar of Ru.
  3205 | D:4      | Found a basalt altar of Yredelemnul.
  3205 | D:4      | Found an ornate altar of the Wu Jian Council.
  3539 | D:4      | Noticed MrSquiggles's ghost (amateur MDFi)
  3605 | D:5      | Entered Level 5 of the Dungeon
  3731 | D:5      | Noticed an ice beast
  3742 | D:5      | Killed an ice beast
  3743 | D:5      | Reached skill level 5 in Fighting
  3743 | D:5      | Reached skill level 8 in Axes
  3743 | D:5      | Reached XP level 7. HP: 59/61 MP: 6/6
  4225 | D:6      | Reached skill level 9 in Axes
  4225 | D:6      | Reached XP level 8. HP: 56/70 MP: 7/7
  4321 | D:6      | Reached skill level 5 in Dodging
  4356 | D:6      | Reached skill level 10 in Axes
  4458 | D:6      | Noticed a manticore
  4462 | D:6      | Killed a manticore
  4473 | D:6      | Reached skill level 11 in Axes
  4473 | D:6      | Reached XP level 9. HP: 47/75 MP: 8/8
  4686 | D:6      | Reached skill level 1 in Evocations
  4848 | D:6      | Noticed Edmund
  4857 | D:6      | Killed Edmund
  4919 | D:6      | Reached ** piety under Qazlal
  5083 | D:7      | Reached skill level 12 in Axes
  5153 | D:7      | Reached skill level 13 in Axes
  5156 | D:7      | Found a shimmering blue altar of Sif Muna.
  5201 | D:7      | Found Qama's Self-Published Books.
  5270 | D:7      | Reached XP level 10. HP: 61/83 MP: 9/9
  5326 | D:7      | Reached skill level 14 in Axes
  5372 | D:7      | Reached skill level 1 in Armour
  5393 | D:7      | Identified the +3 short sword of Courage {spect, rPois
                  | Int+3}
  5422 | D:7      | Found a broken altar of Ashenzari.
  5785 | D:7      | Found a glowing golden altar of the Shining One.
  5819 | D:7      | Found an iron altar of Okawaru.
  6090 | D:8      | Reached *** piety under Qazlal
  6479 | D:8      | Found an ancient bone altar of Kikubaaqudgha.
  6568 | D:8      | Reached skill level 15 in Axes
  6735 | D:8      | Reached **** piety under Qazlal
  6788 | D:8      | Noticed Maurice
  6793 | D:8      | Maurice stole the +11 hammer "Jaus" {vamp, rF+++ MP-9 Str-4
                  | Dex+2}
  6796 | D:8      | Maurice stole 5 boomerangs
  6797 | D:8      | Killed Maurice
  7011 | D:8      | Found the Hermit's Pendant {Faith Invo=14 Evo=0 MP+5}
  7702 | D:9      | Reached XP level 11. HP: 97/97 MP: 20/20
  7733 | D:9      | Noticed Maggie
  7742 | D:9      | Killed Maggie
  7756 | D:9      | Reached skill level 16 in Axes
  7763 | D:9      | Reached skill level 10 in Fighting
  8083 | D:9      | Found a bloodstained altar of Trog.
  8175 | D:9      | Noticed Joseph
  8187 | D:9      | Killed Joseph
  8413 | D:9      | Noticed a two-headed ogre
  8414 | D:9      | Noticed a two-headed ogre
  8419 | D:9      | Killed a two-headed ogre
  8421 | D:9      | Killed a two-headed ogre
  8657 | D:10     | Entered Level 10 of the Dungeon
  8665 | D:10     | Noticed Sonja
  8665 | D:10     | Noticed Harold
  8667 | D:10     | Noticed a two-headed ogre
  8674 | D:10     | Killed a two-headed ogre
  8674 | D:10     | Noticed Josephine
  8675 | D:10     | Reached ***** piety under Qazlal
  8679 | D:10     | Noticed Snorg
  8688 | D:9      | Slain by a shadow

Illustrated notes

Levels and vault maps discovered:
D:1:      co_arrival_square_in_a_square_in_a_square, layout_basic,
          minmay_misc_feat_rugged, minmay_statues_item, minmay_pentomino_z2
D:2:      layout_loops_corners, basic_altar, hex_large
D:3:      layout_basic, grunt_temple_overflow_lords_of_destruction,
          serial_shops, shop, portal_sewer_entry_f, minmay_fountain_box,
          hangedman_abyss_or_decor_lesser_grid
D:4:      layout_loops_cross, overflow_temple_1_default, elyvilon_altar_3,
          gammafunk_temple_overflow_claw, temple_pool_b,
          ebering_ghost_disaster_area, minmay_misc_feat_rows,
          uniq_crazy_yiuf_cottage, uniq_robin
D:5:      layout_cave_pools, grunt_decor_cap
D:6:      layout_basic, minmay_ogre_servants, uniq_edmund
D:7:      layout_rooms, lemuel_coloured_pillars_altar,
          nicolae_ashenzari_skybound, okawaru_ov_weapons_minmay, tso_altar,
          grunt_ministairs_2, nicolae_custom_books
D:8:      layout_basic, roadster_capsule_ark_zombie, uniq_maurice
D:9:      layout_big_octagon, mainiacjoe_overflow_alcove_2,
          nicolae_phantomly_mirrored, uniq_joseph, uniq_maggie
D:10:     layout_cave_pools, fedhas_altar_2, david_lair_shrubbed,
          nicolae_titane, uniq_josephine, uniq_harold, uniq_sonja, uniq_snorg
Temple:   dpeg_three_leaves_temple

Skill      XL: |  1  2  3  4  5  6  7  8  9 10 11 |
---------------+----------------------------------+-----
Axes           | 4 5 6 7 8 9 11 13 15 16 | 16.8
Dodging        | 4 7 |  7.2
Fighting       | 3 5 6 9 11 | 11.2
Throwing       | 3 |  3.2
Evocations     | 3 |  3.0
Armour         | 3 |  3.1

Action                     |  1- 3 |  4- 6 |  7- 9 | 10-12 || total
---------------------------+-------+-------+-------+-------++-------
  Melee: War axe           |    92 |   150 |   188 |   322 ||   752
         Headbutt          |    11 |    26 |    29 |    65 ||   131
  Throw: Dart              |       |     3 |     7 |       ||    10
         Javelin           |       |     1 |       |       ||     1
  Evoke: Wand              |       |       |       |     1 ||     1
    Use: Scroll            |       |     6 |     5 |     2 ||    13
         Potion            |       |     1 |     1 |     1 ||     3
 Armour: Leather armour    |    32 |       |       |       ||    32
         Ring mail         |    25 |   108 |    98 |   129 ||   360
         Skin              |       |       |       |    27 ||    27
  Dodge: Dodged            |    60 |    94 |    91 |   165 ||   410
         Repelled          |       |       |     1 |     4 ||     5
  Block: Other             |       |     6 |    63 |    97 ||   166
         Reflection        |       |       |     1 |     2 ||     3

Table legend: (Time is in decaauts)
 A = Elapsed time spent in this place.
 B = Non-inter-level travel time spent in this place.
 C = Inter-level travel time spent in this place.
 D = Time resting spent in this place.
 E = Time spent auto-exploring this place.
 F = Levels seen in this place.
 G = Mean time per level.
                   A        B        C        D        E       F      G
               +--------+--------+--------+--------+--------+-----+--------+
         Total |   8676 |   8192 |    484 |     64 |   6519 |  12 |  723.0 |
       Dungeon |   8372 |   7905 |    467 |     64 |   6289 |  10 |  837.2 |
        Temple |     18 |      2 |     16 |      0 |      0 |   1 |   18.0 |
         Sewer |    285 |    285 |      0 |      0 |    229 |   1 |  285.0 |
               +--------+--------+--------+--------+--------+-----+--------+

Top non-repeatable levels by time:
     D:8: 1623 daAuts
     D:4: 1012 daAuts
     D:9: 975 daAuts
     D:6: 935 daAuts
     D:2: 925 daAuts
     D:7: 896 daAuts
     D:3: 770 daAuts
     D:1: 656 daAuts
     D:5: 552 daAuts
   Sewer: 285 daAuts
    D:10: 24 daAuts
  Temple: 18 daAuts
